 Dungeon Crawl Stone Soup version 0.28.0-43-g3370ac3207 (webtiles) character file.

Game seed: 18264503218338415822

1107 sanboga the Skirmisher (level 8, 0/51 HPs)
             Began as a Gargoyle Fighter on Mar 30, 2022.
             Slain by Pikel
             ... wielding a +2 whip of freezing
              (2 damage)
             ... on level 4 of the Dungeon.
             The game lasted 00:04:50 (4317 turns).

sanboga the Skirmisher (Gargoyle Fighter)           Turns: 4317, Time: 00:04:50

Health: 0/51       AC: 19    Str: 22 (23) XL:     8   Next: 33%
Magic:  8/8        EV:  9    Int:  7 (10) God:
Gold:   162        SH:  4    Dex:  8 (9)  Spells: 7/7 levels left

rFire   . . .      SeeInvis +   a - +0 war axe
rCold   . . .      Faith    .   c - +0 buckler
rNeg    + . .      Spirit   .   b - +0 scale mail
rPois   ∞          Reflect  .   n - +2 helmet
rElec   +          Harm     .   s - +1 cloak
rCorr   .          Rampage  .   h - +0 pair of gloves
Will    .....      Rnd*Tele +   (no boots)
Stlth   ..........              (no amulet)
HPRegen 0.17/turn               (no ring)
MPRegen 0.11/turn               (no ring)

@: no status effects
A: sickness immunity, AC +5, negative energy resistance 1, electricity
resistance, torment resistance 1, petrification resistance, see invisible,
clever 1, teleportitis 1
a: no special abilities


You were on level 4 of the Dungeon.
You visited 1 branch of the dungeon, and saw 5 of its levels.

You collected 162 gold pieces.

Inventory:

Hand Weapons
 a - a +0 war axe (weapon)
Armour
 b - a +0 scale mail (worn)
 c - a +0 buckler (worn)
 h - a +0 pair of gloves (worn)
 n - a +2 helmet (worn)
 s - a +1 cloak (worn)
Wands
 d - a wand of flame (3)
Scrolls
 g - a scroll of enchant weapon
 k - 4 scrolls of fear
Potions
 o - a potion of magic
 q - a potion of degeneration


   Skills:
 + Level 5.7 Fighting
 * Level 5.7 Axes
 + Level 5.6 Armour
 + Level 5.7 Shields


You had 7 spell levels left.
You didn't know any spells.
Your spell library contained the following spells:

 Spells                   Type           Power      Damage    Failure   Level
 Ensorcelled Hibernation  Hex/Ice        0%         N/A       92%         2
 Passwall                 Tmut/Erth      0%         N/A       92%         2
 Gell's Gravitas          Tloc           0%         N/A       99%         3
 Swiftness                Air            0%         N/A       99%         3
 Teleport Other           Tloc           0%         N/A       99%         3
 Dispersal                Tloc           0%         N/A       100%        6


Dungeon Overview and Level Annotations

Branches:
Dungeon (5/15)
 Temple: D:4-7

Altars:
Ashenzari
Kikubaaqudgha
Ru
Wu Jian

Annotations:
D:4 Pikel


Innate Abilities, Weirdness & Mutations

You are immune to sickness and miasma.
Your stone body is resilient. (AC +5)
You are immune to poison.
You resist negative energy. (rN+)
You are resistant to electric shocks. (rElec)
You are resistant to unholy torment.
You are immune to petrification.
You have supernaturally acute eyesight. (SInv)
Your mind is acute. (Int +2)
You are occasionally teleported next to monsters.


Message History

You feel clever.
You feel weirdly uncertain.
Your vision sharpens.
The lemure hits you but does no damage.
Pikel hits you with a +2 whip of freezing.
* * * LOW HITPOINT WARNING * * *
Pikel freezes you.
* * * LOW HITPOINT WARNING * * *
It was a potion of degeneration.
There was something very wrong with that liquid.
You feel weakened.
You feel dopey.
You feel clumsy. The lemure hits you but does no damage.
Pikel hits you with a +2 whip of freezing.
* * * LOW HITPOINT WARNING * * *
Pikel freezes you.
* * * LOW HITPOINT WARNING * * *
You barely miss Pikel.
Pikel is heavily wounded.
You slash the lemure!
You kill the lemure!
That felt strangely unrewarding.
Pikel hits you but does no damage.
You hit Pikel but do no damage.
Pikel is heavily wounded.
Pikel hits you but does no damage.
You hit Pikel.
Pikel is heavily wounded.
Pikel hits you but does no damage.
You hit Pikel but do no damage.
Pikel is heavily wounded.
You feel less wooden.
Your +1 cloak unmelds from your body.
Your +2 helmet unmelds from your body.
Your +0 pair of gloves unmelds from your body.
Your +0 scale mail unmelds from your body.
Pikel hits you but does no damage.
You slash Pikel!
Pikel is severely wounded.
Pikel says, "Hell isn't that bad."
Pikel hits you but does no damage.
Pikel hits you with a +2 whip of freezing.
* * * LOW HITPOINT WARNING * * *
Pikel freezes you.
You die...

..###.. ... .
#..#..##..
.##.......$#
..........#
#...)....#
#........# .###
#...K....## ....
#...@.....## ....
#..........# ####
...# #........#..
.... ..#
#....†...# ##...
..# #####.#..#
##.... .#
#.#..#######.....
.#
#.#.......##.....
.#
#.#.#####........
#...##...........


You could see Pikel.

Vanquished Creatures
  Grinder (D:3)
  Sigmund (D:3)
  A black bear (D:5)
  4 lemures (D:4)
  A phantom (D:4)
  2 scorpions
  A water moccasin skeleton (D:4)
  A bullfrog zombie (D:3)
  2 jellies (D:4)
  A bullfrog skeleton (D:3)
  Crazy Yiuf (D:3)
  2 orc priests (D:5)
  Ijyb (D:3)
  Terence (D:3)
  Robin (D:3)
  2 adders
  An ufetubus (D:3)
  2 worms
  2 dart slugs
  9 orcs
  3 endoplasms
  4 giant cockroaches
  7 hobgoblins
  8 jackals
  4 quokkas
  9 ball pythons
  5 bats
  4 frilled lizards
  16 goblins
  4 kobolds
  A quokka skeleton (D:4)
  6 rats
108 creatures vanquished.

Notes
Turn   | Place    | Note
-------+----------+-------------------------------------------
     0 | D:1      | sanboga the Gargoyle Fighter began the quest for the Orb.
     0 | D:1      | Reached XP level 1. HP: 14/14 MP: 1/1
   221 | D:1      | Reached XP level 2. HP: 19/19 MP: 2/2
   420 | D:1      | Reached XP level 3. HP: 23/23 MP: 3/3
  1635 | D:2      | Reached XP level 4. HP: 23/29 MP: 4/4
  1909 | D:3      | Noticed Robin
  1922 | D:3      | Killed Robin
  1923 | D:3      | Reached XP level 5. HP: 24/33 MP: 5/5
  2051 | D:3      | Found a faded altar of an unknown god.
  2296 | D:3      | Noticed Grinder
  2297 | D:3      | Paralysed by Grinder for 5 turns
  2301 | D:3      | Noticed Ijyb
  2306 | D:3      | Paralysed by Grinder for 6 turns
  2314 | D:3      | Paralysed by Grinder for 5 turns
  2323 | D:3      | Killed Ijyb
  2324 | D:3      | Reached XP level 6. HP: 13/39 MP: 6/6
  2326 | D:3      | Paralysed by Grinder for 6 turns
  2332 | D:3      | Killed Grinder
  2333 | D:3      | Reached XP level 7. HP: 10/44 MP: 7/7
  2707 | D:3      | Noticed Sigmund
  2751 | D:3      | Killed Sigmund
  2752 | D:3      | Reached skill level 5 in Fighting
  2752 | D:3      | Reached skill level 5 in Armour
  2752 | D:3      | Reached skill level 5 in Shields
  2926 | D:3      | Noticed Terence
  2933 | D:3      | Killed Terence
  3260 | D:3      | You fall into a shaft and drop 2 floors!
  3260 | D:5      | Entered Level 5 of the Dungeon
  3269 | D:5      | Reached skill level 5 in Axes
  3492 | D:5      | Found an ancient bone altar of Kikubaaqudgha.
  3503 | D:5      | Found a broken altar of Ashenzari.
  3654 | D:3      | Found a runed translucent door.
  3655 | D:3      | Noticed Crazy Yiuf
  3788 | D:3      | Killed Crazy Yiuf
  3789 | D:3      | Reached XP level 8. HP: 50/50 MP: 8/8
  3972 | D:4      | HP: 1/50 [orc/+0 hand axe (4)]
  4221 | D:4      | Found a sacrificial altar of Ru.
  4221 | D:4      | Found an ornate altar of the Wu Jian Council.
  4275 | D:4      | Noticed Pikel
  4311 | D:4      | Gained mutation: Your mind is acute. (Int +2) [potion of
                  | mutation]
  4311 | D:4      | Gained mutation: You are occasionally teleported next to
                  | monsters. [potion of mutation]
  4311 | D:4      | Gained mutation: You have supernaturally acute eyesight.
                  | (SInv) [potion of mutation]
  4317 | D:4      | HP: 2/51 [Pikel/+2 whip of freezing (6)]
  4317 | D:4      | Slain by Pikel

Illustrated notes

Levels and vault maps discovered:
D:1:      evilmike_arrival_crescent, layout_rooms
D:2:      layout_basic, minmay_misc_feat_plants
D:3:      layout_loops_ring, hellmonk_ecumenical_altar_heavens_door, uniq_ijyb,
          uniq_grinder, uniq_crazy_yiuf_cottage, uniq_sigmund, uniq_robin,
          uniq_terence
D:4:      layout_rooms, gammafunk_temple_overflow_elements,
          minmay_temple_entry_trees, uniq_pikel
D:5:      layout_basic, mainiacjoe_overflow_large_starburst, uniq_blork_the_orc

Skill      XL: |  1  2  3  4  5  6  7 |
---------------+----------------------+-----
Axes           | 2 3 4 5 |  5.7
Fighting       | 4 5 |  5.7
Armour         | 4 5 |  5.6
Shields        | 4 5 |  5.7

Action                   |  1- 3 |  4- 6 |  7- 9 || total
-------------------------+-------+-------+-------++-------
Melee: War axe           |   108 |    80 |   163 ||   351
  Use: Potion            |       |     1 |    10 ||    11
       Scroll            |       |       |     5 ||     5
Armor: Scale mail        |    78 |    73 |    85 ||   236
       Skin              |       |       |    97 ||    97
Dodge: Dodged            |    68 |    46 |    79 ||   193
Block: Buckler           |    23 |    22 |    57 ||   102
